 Dungeon Crawl Stone Soup version 0.19.0 (webtiles) character file.

119988 PurpleRed the Severer (level 16, -3/151 HPs)
             Began as a Minotaur Fighter on Nov 16, 2016.
             Was the Champion of Okawaru.
             Slain by a deep troll (illusionary) (20 damage)
             ... on level 1 of the Depths.
             The game lasted 00:48:07 (20878 turns).

PurpleRed the Severer (Minotaur Fighter)           Turns: 20878, Time: 00:48:07

Health: -3/151     AC: 45    Str: 24    XL:     16   Next: 29%
Magic:  27/28      EV: 15    Int: 12    God:    Okawaru [******]
Gold:   1273       SH:  5    Dex: 18    Spells: 0 memorised, 15 levels left

rFire  + . .     SeeInvis +     b - +3 battleaxe "Newtbane" {protect, Int+2 Dex+4}
rCold  + . .     Gourm    .     K - +5 gold dragon scales
rNeg   . . .     Faith    .     (shield currently unavailable)
rPois  +         Spirit   .     H - +3 hat of Pondering {ponderous, MR+ MP+10 Int+5}
rElec  +         Reflect  +     h - +2 cloak "Eraipil" {rElec Regen+}
rCorr  .         Harm     .     (no gloves)
MR     +++..                    M - +2 pair of boots {Stlth+}
Stlth  ..........               S - +5 amulet of reflection
                                r - ring of protection from magic
                                o - ring of see invisible

@: heroism, protection aura, slow
A: retaliatory headbutt, horns 2
a: Heroism, Finesse, Renounce Religion


You were on level 1 of the Depths.
You worshipped Okawaru.
Okawaru was exalted by your worship.
You were not hungry.

You visited 3 branches of the dungeon, and saw 18 of its levels.

You collected 1273 gold pieces.

Inventory:

Hand Weapons
 a - a +0 broad axe
 b - the +3 battleaxe "Newtbane" (weapon) {protect, Int+2 Dex+4}
   (Okawaru gifted it to you on level 15 of the Dungeon)

   It protects the one who uses it against injury (+AC on strike).
   It affects your intelligence (+2).
   It affects your dexterity (+4).
 g - a +0 battleaxe
 J - a +0 morningstar
 P - a +2 war axe of electrocution
Missiles
 x - 15 javelins of returning (quivered)
Armour
 c - a +0 chain mail of cold resistance
 h - the +2 cloak "Eraipil" (worn) {rElec Regen+}
   (Okawaru gifted it to you on level 8 of the Dungeon)

   It insulates you from electricity.
   It increases your rate of regeneration.
 w - the +1 chain mail of Zuiparr {MR+ Int+4}
   (Okawaru gifted it to you on level 2 of the Depths)

   It affects your intelligence (+4).
   It affects your resistance to hostile enchantments.
 y - a +0 plate armour
 G - the +2 hat "Fuuxywn" {Str+3}
   (Okawaru gifted it to you on level 11 of the Dungeon)

   It affects your strength (+3).
 H - the +3 hat of Pondering (worn) {ponderous, MR+ MP+10 Int+5}
   (You took it off Gastronok on level 12 of the Dungeon)

   It affects your intelligence (+5).
   It affects your resistance to hostile enchantments.
   It affects your magic capacity (+10).
 K - +5 gold dragon scales (worn)
 M - a +2 pair of boots of stealth (worn)
 U - a +2 shield of fire resistance
Jewellery
 k - an uncursed amulet of harm
 o - a ring of see invisible (left hand)
 r - a ring of protection from magic (right hand)
 D - an uncursed ring of ice
 I - an uncursed ring of flight
 S - a +5 amulet of reflection (around neck)
Wands
 q - a wand of enslavement (22/24)
 L - a wand of disintegration (9/24)
 O - a wand of iceblast (10/15)
Scrolls
 s - a scroll of teleportation
 v - 2 scrolls of recharging
 A - 5 scrolls of magic mapping
 T - 3 scrolls of remove curse
Potions
 d - 3 potions of might
 e - a potion of agility
 i - 5 potions of curing
 j - 3 potions of lignification
 n - 2 potions of invisibility
 p - a potion of cancellation
 t - 3 potions of flight
 u - 2 potions of ambrosia
 C - 2 potions of magic
 E - a potion of haste
 Q - a potion of berserk rage {unknown}
 R - a potion of mutation {unknown}
Comestibles
 f - 10 bread rations
 l - 4 slices of pizza
 m - 8 meat rations
 z - 9 royal jellies
 B - 9 fruits


   Skills:
 + Level 15.9(20.9) Fighting
 - Level 20.6(25.6) Axes
 + Level 14.9(19.9) Armour
 + Level 11.6(16.6) Dodging
 - Level 9.6(14.6) Shields
 - Level 5.2 Invocations


You had 15 spell levels left.
You didn't know any spells.

Dungeon Overview and Level Annotations

Branches:
Dungeon (15/15)            Temple (1/1) D:5            Lair (0/6) D:11
    Orc (0/2) D:9          Vaults (0/5) D:14         Depths (2/5) D:15

Altars:
Ashenzari
Cheibriados
Dithmenos
Elyvilon
Fedhas
Gozag
Hepliaklqana
Kikubaaqudgha
Makhleb
Nemelex Xobeh
Okawaru
Qazlal
Ru
Sif Muna
Trog
Uskayaw
Vehumet
Xom
Yredelemnul
Zin
The Shining One

Shops:
D:6 *   D:11 }

Portals:
Hell: Depths:1


Innate Abilities, Weirdness & Mutations

You reflexively headbutt those who attack you in melee.
You have a pair of horns on your head.


Message History

The deep troll earth mage seems to speed up.
The fire dragon bites you but does no damage.
The fire dragon closely misses you.
The fire dragon tramples you but does no damage.
An iron troll comes into view.
Okay, then.
As you read the scroll of summoning, it crumbles to dust.
Wisps of shadow whirl around you...
The deep troll earth mage closely misses you.
The deep troll earth mage claws you but does no damage.
The deep troll earth mage misses you. The deep troll barely misses you.
The deep troll claws you but does no damage. x2
The deep troll closely misses you. The deep troll misses you.
You block the deep troll's attack.
The rakshasa blinks!
The fire dragon bites you but does no damage.
The fire dragon claws you but does no damage.
The fire dragon misses you.
The deep troll bites you but does no damage.
The deep troll barely misses you. The deep troll claws you!!
You die...

..^......#.....##.#.....)....# #.
...........###.##'#..........# #.
#'####'.............R..#'##### #.
#.# #...........[.....#.#### #.
#.## #..(..#.#.#.......'....# #.
.).###.#.....u.#u..VV..#.##.####.
#......(...Tu.u....V.>)#.##......
#.####.###.##.DT§C.....#.........
#'####.....##TT.@V.....#.###.####
...........##.TT##(##.##.# #.#
..........##........)....# #.#
..........'.T..####(###### #.###
..........###..# #[########...##
..........# #..# #[...........(.
..........###.'####(##########)##
....#)######.......(.# #.....
....'.[.####§§§§≈§≈≈(#


#.PPPP You could see a fire dragon, 2 iron trolls, a rakshasa, 3 deep trolls, a
deep troll earth mage, a deep troll shaman, a friendly stone giant, 4 friendly
ugly things, 3 friendly jiangshi and a friendly vampire mage.

Vanquished Creatures
  2 golden dragons (Depths:2)
  A bone dragon (D:15)
  Rupert (D:14)
  A lich (Depths:1)
  The ghost of PurpleRed the Severer, an adept MiFi of Okawaru (Depths:2)
  Gastronok (D:12)
  Kirke (D:12)
  A tengu reaver (Depths:1)
  A fire giant (Depths:1)
  8 stone giants
  A juggernaut skeleton (Depths:1)
  2 vampire knights
  A spark wasp (Depths:2)
  An ettin (Depths:1)
  3 fire dragons
  Josephine (D:11)
  Fannar (D:11)
  A yaktaur captain (Depths:1)
  A caustic shrike simulacrum (Depths:1)
  4 rakshasas
  2 ice dragons
  3 ghost crabs (Depths:1)
  2 hydras
  Erica (D:11)
  7 centaur warriors
  2 deep troll shamans (D:15)
  A vampire mage (Depths:1)
  3 tengu warriors
  A spriggan berserker (Depths:2)
  2 deep troll earth magi (Depths:1)
  Urug (D:14)
  3 skeletal warriors (D:15)
  2 unseen horrors
  6 deep trolls
  A glowing orange brain (Depths:1)
  A shadow dragon zombie (Depths:1)
  7 hill giants
  A golden dragon skeleton (Depths:1)
  A necromancer (Depths:1)
  An orc knight (D:7)
  A wolf spider (D:15)
  5 deep elf magi
  An orb spider (shapeshifter) (D:15)
  An orc sorcerer (D:7)
  A stone giant zombie (Depths:1)
  30 ugly things
  5 cyclopes
  2 manticores
  A sphinx skeleton (Depths:1)
  Joseph (D:10)
  Maurice (D:10)
  A guardian serpent (shapeshifter) (D:15)
  A storm dragon simulacrum (Depths:1)
  2 centaur skeletons
  A yaktaur zombie (Depths:1)
  2 tengu conjurers
  8 yaktaurs (Depths:1)
  A meliai (shapeshifter) (D:15)
  A jumping spider (shapeshifter) (D:13)
  A queen bee (D:8)
  3 trolls
  A hornet (D:13)
  A blink frog (shapeshifter) (D:14)
  12 slime creatures
  A two-headed ogre (D:14)
  5 hippogriffs
  A large abomination (Depths:1)
  An iron dragon simulacrum (Depths:1)
  2 shadows
  Eustachio (D:5)
  2 wyverns
  18 yaks
  7 wraiths
  15 humans (D:14)
  4 hungry ghosts
  Grum (D:8)
  8 vampire mosquitoes
  An elf skeleton (Depths:1)
  2 hogs (D:12)
  A yaktaur simulacrum (Depths:1)
  16 wargs (D:7)
  A soldier ant (shapeshifter) (Depths:1)
  A water moccasin (shapeshifter) (D:14)
  3 water moccasins
  4 hornet zombies
  13 orc warriors
  3 phantoms
  4 necrophages
  3 ice beasts
  6 sky beasts
  3 black bears
  19 centaurs
  7 ogres
  4 boggarts
  3 wolves (D:8)
  4 crocodiles
  2 big kobolds
  8 bullfrogs
  38 killer bees
  6 scorpions
  A water moccasin skeleton (D:7)
  8 wights
  4 electric eels (D:8)
  5 howler monkeys
  A lava snake (D:13)
  10 crimson imps
  A bullfrog zombie (D:8)
  4 centaur zombies
  2 quasits
  A bullfrog skeleton (D:8)
  9 hounds
  4 jellies
  20 orc priests
  An iron imp (Depths:2)
  An iguana (D:4)
  Terence (D:2)
  11 worker ants
  21 orc wizards
  A small abomination (Depths:1)
  A hound skeleton (D:8)
  A gnoll (D:3)
  12 adders
  2 shadow imps
  An ooze (D:3)
  3 worms
  4 leopard geckos
  69 orcs
  10 bats
  8 giant cockroaches
  9 goblins
  11 hobgoblins
  8 jackals
  16 kobolds
  10 quokkas
  4 ball pythons
  4 frilled lizards
  A leopard gecko zombie (D:5)
  9 rats
  54 fungi (D:11)
  33 plants (D:11)
760 creatures vanquished.

Vanquished Creatures (others)
  A human (D:15)
  A rat (D:11)
  6 fungi (D:11)
  3 plants
11 creatures vanquished.

Grand Total: 771 creatures vanquished

Notes
Turn   | Place    | Note
-------+----------+-------------------------------------------
     0 | D:1      | PurpleRed the Minotaur Fighter began the quest for the Orb.
     0 | D:1      | Reached XP level 1. HP: 19/19 MP: 0/0
    94 | D:1      | Reached skill level 3 in Axes
    97 | D:1      | Reached XP level 2. HP: 19/27 MP: 1/1
   408 | D:1      | Reached XP level 3. HP: 32/33 MP: 2/2
   896 | D:2      | Reached skill level 4 in Axes
  1022 | D:2      | Found a white marble altar of Elyvilon.
  1046 | D:2      | Noticed Terence
  1058 | D:2      | Killed Terence
  1058 | D:2      | Reached XP level 4. HP: 37/41 MP: 3/3
  1184 | D:3      | Found a shattered altar of Ashenzari.
  1187 | D:3      | Noticed an ogre
  1192 | D:3      | Killed an ogre
  1192 | D:3      | Reached skill level 5 in Fighting
  1192 | D:3      | Reached skill level 5 in Axes
  1192 | D:3      | Reached XP level 5. HP: 16/48 MP: 4/4
  1491 | D:3      | Reached skill level 6 in Axes
  1504 | D:3      | Reached XP level 6. HP: 17/56 MP: 5/5
  1799 | D:3      | Noticed an orc warrior
  1811 | D:3      | Killed an orc warrior
  1811 | D:3      | Reached skill level 7 in Axes
  2233 | D:4      | Reached skill level 5 in Armour
  2324 | D:4      | Reached XP level 7. HP: 44/61 MP: 6/6
  2327 | D:4      | Reached skill level 8 in Axes
  2953 | D:4      | Found a radiant altar of Vehumet.
  2960 | D:4      | Found an ancient bone altar of Kikubaaqudgha.
  2961 | D:4      | Found a deep blue altar of Sif Muna.
  3163 | D:5      | Entered Level 5 of the Dungeon
  3166 | D:5      | Noticed Eustachio
  3482 | D:5      | Killed Eustachio
  3482 | D:5      | Reached skill level 9 in Axes
  3645 | D:5      | Reached XP level 8. HP: 59/68 MP: 7/7
  3916 | D:5      | Found a basalt altar of Yredelemnul.
  3916 | D:5      | Found a sparkling altar of Nemelex Xobeh.
  3917 | D:5      | Found a burning altar of Makhleb.
  4019 | D:5      | Found a white marble altar of Elyvilon.
  4037 | D:5      | Found a staircase to the Ecumenical Temple.
  4043 | Temple   | Entered the Ecumenical Temple
  4168 | Temple   | Became a worshipper of Warmaster Okawaru
  4230 | D:5      | Found a shadowy altar of Dithmenos.
  4336 | D:6      | Reached skill level 10 in Axes
  4633 | D:6      | Found Gozag's Platinum Reserve.
  4635 | D:6      | Found an opulent altar of Gozag.
  4680 | D:6      | Reached * piety under Okawaru
  5106 | D:7      | Noticed a hippogriff
  5126 | D:7      | Killed a hippogriff
  5126 | D:7      | Reached skill level 11 in Axes
  5296 | D:7      | Reached XP level 9. HP: 63/74 MP: 8/8
  5333 | D:7      | Reached ** piety under Okawaru
  5350 | D:7      | Reached skill level 12 in Axes
  6397 | D:7      | Reached *** piety under Okawaru
  6397 | D:7      | Reached skill level 13 in Axes
  6397 | D:7      | Reached skill level 1 in Invocations
  6570 | D:7      | Noticed an orc sorcerer
  6570 | D:7      | Noticed an orc knight
  6572 | D:7      | Got a jet-encrusted scale mail
  6583 | D:7      | Noticed a red devil
  6624 | D:7      | Noticed a rust devil
  6626 | D:7      | Killed an orc sorcerer
  6626 | D:7      | Reached XP level 10. HP: 43/83 MP: 7/10
  6808 | D:7      | Reached **** piety under Okawaru
  7172 | D:7      | Killed an orc knight
  7400 | D:7      | Identified the cursed +0 scale mail of the Lonely Cities {Int+3} (You found it on level 7 of the Dungeon)
  7547 | D:7      | Received a gift from Okawaru
  7547 | D:7      | Reached skill level 14 in Axes
  8071 | D:8      | Noticed Grum
  8089 | D:8      | Killed Grum
  8167 | D:8      | Reached ***** piety under Okawaru
  8410 | D:8      | Reached skill level 5 in Invocations
  8586 | D:8      | Reached skill level 15 in Axes
  8586 | D:8      | Reached XP level 11. HP: 64/94 MP: 13/13
  9626 | D:8      | Received a gift from Okawaru
  9627 | D:8      | Got a crude cloak {god gift}
  9657 | D:8      | Identified the +2 cloak "Eraipil" {rElec Regen+} (Okawaru gifted it to you on level 8 of the Dungeon)
 10036 | D:9      | Found a shattered altar of Ashenzari.
 10054 | D:9      | Found a staircase to the Orcish Mines.
 10128 | D:9      | Found a shimmering altar of Xom.
 10377 | D:9      | Found a snail-covered altar of Cheibriados.
 10394 | D:9      | Reached skill level 16 in Axes
 10521 | D:9      | Found a white marble altar of Elyvilon.
 10606 | D:9      | Found a glowing golden altar of the Shining One.
 10663 | D:9      | Found a hazy altar of Hepliaklqana.
 10736 | D:10     | Entered Level 10 of the Dungeon
 10952 | D:10     | Noticed Joseph
 10986 | D:10     | Killed Joseph
 10986 | D:10     | Reached skill level 10 in Fighting
 11067 | D:10     | Noticed Maurice
 11075 | D:10     | Killed Maurice
 11338 | D:10     | Reached skill level 17 in Axes
 11754 | D:11     | Received a gift from Okawaru
 11754 | D:11     | Reached XP level 12. HP: 108/108 MP: 14/14
 11755 | D:11     | Got a slimy hat {god gift}
 11761 | D:11     | Identified the +2 hat "Fuuxywn" {Str+3} (Okawaru gifted it to you on level 11 of the Dungeon)
 11777 | D:11     | Noticed Fannar
 11819 | D:11     | Killed Fannar
 11847 | D:11     | Reached skill level 1 in Dodging
 11853 | D:11     | Noticed Erica
 11863 | D:11     | Noticed Josephine
 11865 | D:11     | Killed Erica
 11879 | D:11     | Killed Josephine
 11917 | D:11     | Found a staircase to the Lair.
 12294 | D:11     | Found Yhiesah's Gadget Shoppe.
 12813 | D:12     | Noticed an eight-headed hydra
 12821 | D:12     | Killed an eight-headed hydra
 12821 | D:12     | Reached skill level 18 in Axes
 12821 | D:12     | Reached skill level 10 in Armour
 13151 | D:12     | Noticed Kirke
 13165 | D:12     | Killed Kirke
 13230 | D:12     | Noticed Gastronok
 13263 | D:12     | Killed Gastronok
 13362 | D:12     | Reached XP level 13. HP: 76/116 MP: 15/15
 13365 | D:12     | Reached skill level 5 in Dodging
 13920 | D:13     | Received a gift from Okawaru
 14161 | D:13     | Reached ****** piety under Okawaru
 14217 | D:13     | Reached skill level 19 in Axes
 14612 | D:14     | Found a gate to the Vaults.
 14612 | D:14     | Noticed Rupert
 14612 | D:14     | Noticed Urug
 14618 | D:14     | Received a gift from Okawaru
 14693 | D:14     | Found a deep blue altar of Sif Muna.
 14978 | D:14     | Killed Urug
 15173 | D:14     | Killed Rupert
 15173 | D:14     | Reached XP level 14. HP: 87/126 MP: 16/16
 15195 | D:14     | Received a gift from Okawaru
 15196 | D:14     | Got a crude battleaxe {god gift}
 15481 | D:14     | Reached skill level 20 in Axes
 15585 | D:15     | Entered Level 15 of the Dungeon
 15627 | D:15     | Identified the +1 battleaxe of Sin {freeze, rElec} (Okawaru gifted it to you on level 14 of the Dungeon)
 15753 | D:15     | Received a gift from Okawaru
 15776 | D:15     | Got a slimy battleaxe {god gift}
 15804 | D:15     | Identified the +3 battleaxe "Newtbane" {protect, Int+2 Dex+4} (Okawaru gifted it to you on level 15 of the Dungeon)
 16268 | D:15     | Found a staircase to the Depths.
 16528 | Depths:1 | Entered Level 1 of the Depths
 16571 | Depths:1 | Noticed a stone giant
 16581 | Depths:1 | Killed a stone giant
 16581 | Depths:1 | Received a gift from Okawaru
 16680 | Depths:1 | Noticed a stone giant
 16693 | Depths:1 | Killed a stone giant
 17022 | Depths:1 | Noticed a bone dragon
 17088 | D:15     | Killed a bone dragon
 17088 | D:15     | Reached XP level 15. HP: 51/139 MP: 17/17
 17592 | Depths:1 | Found a gateway to Hell.
 17605 | Depths:1 | Received a gift from Okawaru
 17916 | Depths:1 | Reached skill level 5 in Shields
 17996 | Depths:1 | Reached skill level 10 in Dodging
 18614 | Depths:1 | Reached skill level 15 in Fighting
 18665 | Depths:1 | HP: 5/141 [juggernaut skeleton (24)]
 18963 | Depths:1 | Noticed a fire giant
 18977 | Depths:1 | Killed a fire giant
 19244 | Depths:1 | Identified the Tome of Dark Secrets
 19769 | Depths:2 | Received a gift from Okawaru
 19770 | Depths:2 | Got a polished chain mail {god gift}
 19802 | Depths:1 | Identified the +1 chain mail of Zuiparr {MR+ Int+4} (Okawaru gifted it to you on level 2 of the Depths)
 19804 | Depths:1 | Noticed a tengu reaver
 19829 | Depths:1 | Killed a tengu reaver
 20258 | Depths:2 | Noticed PurpleRed's ghost (adept MiFi)
 20326 | Depths:2 | Killed PurpleRed's ghost
 20410 | Depths:2 | Noticed a golden dragon
 20432 | Depths:2 | Killed a golden dragon
 20432 | Depths:2 | Reached XP level 16. HP: 56/149 MP: 18/18
 20696 | Depths:2 | Noticed a golden dragon
 20708 | Depths:2 | Killed a golden dragon
 20735 | Depths:2 | Noticed a caustic shrike
 20746 | Depths:2 | HP: 4/151 [acid (7)]
 20860 | Depths:1 | Noticed a lich
 20867 | Depths:1 | Killed a lich
 20878 | Depths:1 | Slain by a deep troll (illusionary)

Skill      XL: |  1  2  3  4  5  6  7  8  9 10 11 12 13 14 15 |
---------------+----------------------------------------------+-----
Axes           | 3 4 5 6 7 9 11 13 15 17 18 19 20 | 20.6
Fighting       | 4 5 6 8 10 11 12 14 15 | 15.9
Armour         | 4 5 6 8 9 10 12 13 14 | 14.9
Invocations    | 2 5 |  5.2
Dodging        | 4 7 9 11 | 11.6
Shields        | 9 |  9.6

Action                   |  1- 3 |  4- 6 |  7- 9 | 10-12 | 13-15 | 16-18 || total
-------------------------+-------+-------+-------+-------+-------+-------++-------
Melee: War axe           |    91 |   128 |   280 |   544 |   305 |       ||  1348
       Headbutt          |    10 |    19 |    52 |   212 |   323 |    28 ||   644
       Unarmed           |     5 |       |       |       |       |       ||     5
       Broad axe         |       |       |       |   416 |   812 |    31 ||  1259
       Morningstar       |       |       |       |     4 |     3 |       ||     7
       Battleaxe         |       |       |       |       |       |    64 ||    64
Throw: Javelin           |       |       |       |     2 |       |       ||     2
Invok: Heroism           |       |       |     2 |    11 |    18 |     2 ||    33
       Finesse           |       |       |       |     1 |     4 |     1 ||     6
Evoke: Wand              |       |       |       |       |     3 |       ||     3
  Use: Potion            |       |     1 |       |       |     7 |     1 ||     9
       Scroll            |       |     7 |     9 |     9 |     3 |     8 ||    36
  Eat: Chunk             |       |     5 |    13 |    27 |    15 |       ||    60
       Fruit             |       |       |       |     1 |     5 |     5 ||    11
       Beef jerky        |       |       |       |       |     3 |       ||     3
Armor: Scale mail        |     7 |       |       |       |       |       ||     7
       Chain mail        |    40 |    53 |   123 |       |    23 |       ||   239
       Plate armour      |       |       |     8 |   331 |   450 |     4 ||   793
       Gold dragon scale |       |       |       |       |       |    74 ||    74
Dodge: Dodged            |    21 |    26 |    54 |   127 |   289 |    51 ||   568
Block: Shield            |    45 |    66 |   143 |   305 |   543 |     6 ||  1108
       Other             |       |       |       |       |       |    17 ||    17
